 Dungeon Crawl Stone Soup version 0.29.1-15-g9cfb28693d (webtiles) character file.

Game seed: 13975602198828049715

38 Heoruswealwe the Magician (level 3, -12/19 HPs)
             Began as a Deep Elf Earth Elementalist on Apr 12, 2023.
             Was a Follower of Sif Muna.
             Killed by divine providence
             ... invoked by an orc priest
              (13 damage)
             ... on level 4 of the Dungeon.
             The game lasted 00:04:08 (402 turns).

Heoruswealwe the Magician (DEEE)                     Turns: 402, Time: 00:04:10

Health: -12/19     AC:  2    Str:  5    XL:     3   Next: 25%
Magic:  1/10       EV: 12    Int: 21    God:    Sif Muna [*.....]
Gold:   34         SH:  0    Dex: 15    Spells: 9/10 levels left

rFire   . . .      SeeInvis .   (no weapon)
rCold   . . .      Faith    .   (no shield)
rNeg    . . .      Spirit   .   a - +0 robe
rPois   .          Reflect  .   (no helmet)
rElec   .          Harm     .   (no cloak)
rCorr   .          Rampage  .   (no gloves)
Will    .....                   (no boots)
Stlth   ++........              (no amulet)
HPRegen 0.06/turn               (no ring)
MPRegen 0.12/turn               (no ring)

@: lethally poisoned (-12 -> -19), attractive
A: no striking features
a: Renounce Religion, Channel Magic


You were on level 4 of the Dungeon.
You worshipped Sif Muna.
Sif Muna was aware of your devotion.
You visited 1 branch of the dungeon, and saw 4 of its levels.

You collected 34 gold pieces.

Inventory:

Armour
 a - a +0 robe (worn)
Wands
 c - a wand of paralysis (4)
Scrolls
 b - a scroll of blinking {unknown}


   Skills:
 - Level 2.4 Dodging
 - Level 2.4 Stealth
 + Level 4.2 Spellcasting
 - Level 1.1 Transmutations
 + Level 4.1 Earth Magic


You had 9 spell levels left.
You knew the following spells:

 Your Spells              Type           Power      Damage    Failure   Level
a - Sandblast             Erth           42%        2d11      2%          1

Your spell library contained the following spells:

 Spells                   Type           Power      Damage    Failure   Level
 Passwall                 Tmut/Erth      12%        N/A       6%          2
 Sting                    Tmut/Pois      24%        1d4       10%         1
 Stone Arrow              Conj/Erth      26%        3d8       16%         3
 Poisonous Vapours        Pois/Air       8%         N/A       19%         2
 Petrify                  Tmut/Erth      15%        N/A       36%         4
 Olgreb's Toxic Radiance  Pois           4%         N/A       75%         4


Dungeon Overview and Level Annotations

Branches:
Dungeon (4/15)
 Temple: D:4-7

Altars:
Sif Muna


Message History

Sif Muna accepts your kill. The adder completely misses you.
The blast of sand hits the adder.
The adder is heavily wounded.
The adder bites you but does no damage. The adder closely misses you.
The blast of sand hits the adder!
You kill the adder!
Sif Muna accepts your kill.
The kobold brigand throws a poisoned dart.
The poisoned dart hits you!
You are poisoned.
You have reached level 3!
Your experience leads to an increase in your attributes!
Increase (S)trength, (I)ntelligence, or (D)exterity?
You feel clever. x2
The blast of sand hits the orc!
You kill the orc!
Sif Muna accepts your kill.
You feel very sick.
The kobold brigand throws a poisoned dart.
The poisoned dart hits you!
You are lethally poisoned!
Your magical contamination has completely faded away.
The blast of sand misses the orc priest.
The blast of sand hits the kobold brigand.
The kobold brigand is lightly wounded.
You feel very sick. The orc priest misses you.
It was a potion of attraction.
You feel attractive to monsters.
You feel very sick. The orc priest hits you with a +0 whip.
* * * LOW HITPOINT WARNING * * *
You hit the orc priest but do no damage.
* * * LOW HITPOINT WARNING * * *
You feel sick.
The orc priest calls down the wrath of Beogh upon you.
Beogh smites you!
Ouch! That really hurt!
You die...

####.##.###.?
#..>......... #
#.##.#.......
###.##.##.#...o..#
... ..##K#......#
#..#.##.#......#
.###..#.##o#..!....
........@oK.....#
####.##.####.####
##.##.# .# #.....#
.# ##.##.####.#
#.........# # ##
#..#..##..#.# ..
#..##.##..#.# .#
#######...........##


You could see a kobold brigand, an orc priest and an orc.

Vanquished Creatures
  An adder (D:4)
  3 orcs (D:4)
  2 ball pythons (D:1)
  An endoplasm (D:4)
  2 hobgoblins (D:4)
  4 jackals (D:1)
  4 kobolds (D:1)
  2 quokkas
  A frilled lizard (D:1)
  2 goblins (D:1)
  2 rats (D:1)
24 creatures vanquished.

Vanquished Creatures (others)
  7 plants (D:3)
7 creatures vanquished.

Grand Total: 31 creatures vanquished

Notes
Turn   | Place    | Note
-------+----------+-------------------------------------------
     0 | D:1      | Heoruswealwe the Deep Elf Earth Elementalist began the
                  | quest for the Orb.
     0 | D:1      | Reached XP level 1. HP: 10/10 MP: 6/6
    48 | D:1      | Reached XP level 2. HP: 11/15 MP: 5/8
   115 | D:1      | Found a faded altar of an unknown god.
   124 | D:1      | Prayed at the altar of an unknown god.
   124 | D:1      | Became a worshipper of Sif Muna the Loreminder
   124 | D:1      | Reached * piety under Sif Muna
   389 | D:4      | Noticed a kobold brigand
   399 | D:4      | Reached XP level 3. HP: 18/19 MP: 2/10
   402 | D:4      | Killed from afar by an orc priest

Illustrated notes

Levels and vault maps discovered:
D:1:      sevenhm_arrival_forest_fort_small_6, layout_basic,
          basic_ecumenical_altar
D:2:      layout_basic
D:3:      layout_loops_corners, hangedman_abyss_or_decor_stabs, kennysheep_boxes
D:4:      layout_loops_ring, gammafunk_ghost_grave,
          nicolae_shop_sticking_my_neck_out

Skill      XL: |  1  2 |
---------------+-------+-----
Spellcasting   | 4 |  4.2
Earth Magic    | 4 |  4.1
Dodging        | |  2.4
Stealth        | |  2.4
Transmutations | |  1.1

Action                   || total
-------------------------++-------
Melee: Unarmed           ||     2
 Cast: Sandblast         ||    30
  Use: Potion            ||     2
Armor: Robe              ||     5
Dodge: Dodged            ||     9
